 Dungeon Crawl Stone Soup version 0.30.0-19-g36f170ea60 (webtiles) character file.

Game seed: 7670668351391808914

416 Graphine the Conjurer (level 6, -1/37 HPs)
             Began as a Deep Elf Conjurer on May 31, 2023.
             Was an Initiate of Vehumet.
             Slain by a scorpion (5 damage)
             ... on level 4 of the Dungeon.
             The game lasted 00:08:26 (3741 turns).

Graphine the Conjurer (Deep Elf Conjurer)           Turns: 3741, Time: 00:08:26

Health: -1/37      AC:  3    Str:  4    XL:     6   Next: 60%
Magic:  3/16       EV: 12    Int: 25    God:    Vehumet [......]
Gold:   256        SH:  0    Dex: 13    Spells: 12/16 levels left

rFire   . . .        p - +7 club
rCold   . . .        (no shield)
rNeg    . . .        a - +0 robe
rPois   .            (helmet restricted)
rElec   .            (no cloak)
rCorr   .            (no gloves)
SInv    .            m - +0 pair of boots
Will    +....        (no amulet)
Stlth   ++           d - ring of willpower
HPRegen 0.26/turn    (no ring)
MPRegen 0.15/turn

%: no passive effects
@: lethally poisoned (-1 -> -7), flying
A: horns 1
a: Renounce Religion


You were on level 4 of the Dungeon.
You worshipped Vehumet.
Vehumet was noncommittal.
You visited 1 branch of the dungeon, and saw 4 of its levels.

You collected 256 gold pieces.

Inventory:

Hand Weapons
 b - a +1 short sword of freezing
 p - a +7 club (weapon)
Armour
 a - a +0 robe (worn)
 m - a +0 pair of boots (worn)
Jewellery
 d - a ring of willpower (left hand)
Wands
 h - a wand of iceblast (6)
 j - a wand of digging (2)
 o - a wand of flame (19)
Scrolls
 c - a scroll of acquirement {unknown}
 e - 2 scrolls of noise {unknown}
 f - 2 scrolls of teleportation
 l - a scroll of identify
 n - a scroll of blinking {unknown}
Potions
 g - a potion of might
 i - a potion of curing {unknown}
 k - a potion of flight
 q - a potion of brilliance {unknown}


   Skills:
 * Level 3.1 Fighting
 - Level 2.4 Dodging
 - Level 2.4 Stealth
 * Level 5.9 Spellcasting
 * Level 6.1 Conjurations


You had 12 spell levels left.
You knew the following spells:

 Your Spells              Type           Power      Damage    Failure   Level
a - Magic Dart            Conj           100%       1d8       1%          1
b - Dazzling Flash        Conj/Hex       44%        N/A       6%          3

Your spell library contained the following spells:

 Spells                   Type           Power      Damage    Failure   Level
 Searing Ray              Conj           76%        2d7       1%          2
 Cigotuvi's Dreadful Rot  Necr/Pois/Air  14%        N/A       12%         2
 Fulminant Prism          Conj/Hex       11%        3d8       21%         4
 Iskenderun's Mystic Bla  Conj/Tloc      22%        2d6       21%         4
 Dispel Undead            Necr           7%         3d8       58%         4
 Passage of Golubria      Tloc           7%         N/A       58%         4
 Silence                  Hex/Air        3%         N/A       91%         5
 Death Channel            Necr           3%         N/A       100%        6
 Lehudib's Crystal Spear  Conj/Erth      11%        10d4      100%        8


Dungeon Overview and Level Annotations

Branches:
Dungeon (4/15)
 Temple: D:4-7

Altars:
Dithmenos
Vehumet

Shops:
D:1 [


Innate Abilities, Weirdness & Mutations

You have a pair of small horns on your head.


Message History

Aim: a scorpion (moderately wounded, blind, 100% to hit)
The magic dart hits the scorpion but does no damage.
The scorpion is moderately wounded.
You feel sick. The scorpion completely misses you.
Casting: Magic Dart (safe; 1% risk of failure)
Confirm with . or Enter, or press ? or * to list all spells.
Aiming: Magic Dart (safe; 1% risk of failure)
Press: ? - help, Shift-Dir - straight line, f/p - scorpion
Aim: a scorpion (moderately wounded, blind, 100% to hit)
The magic dart hits the scorpion.
The scorpion is heavily wounded.
You feel sick. The scorpion closely misses you.
Casting: Magic Dart (safe; 1% risk of failure)
Confirm with . or Enter, or press ? or * to list all spells.
Aiming: Magic Dart (safe; 1% risk of failure)
Press: ? - help, Shift-Dir - straight line, f/p - scorpion
Aim: a scorpion (heavily wounded, wandering, blind, hasn't noticed you, 100% to hit)
The magic dart hits the scorpion but does no damage.
The scorpion is heavily wounded.
You feel sick. The scorpion stings you.
You are more poisoned.
The scorpion poisons you! The scorpion stings you.
* * * LOW HITPOINT WARNING * * *
Casting: Magic Dart (safe; 1% risk of failure)
Confirm with . or Enter, or press ? or * to list all spells.
Aiming: Magic Dart (safe; 1% risk of failure)
Press: ? - help, Shift-Dir - straight line, f/p - scorpion
Aim: a scorpion (heavily wounded, blind, 100% to hit)
The magic dart hits the scorpion but does no damage.
The scorpion is heavily wounded.
You hear the brisk rusting of a very distant drain.
* * * LOW HITPOINT WARNING * * *
You feel very sick.
The scorpion is no longer blind.
The scorpion barely misses you.
It was a potion of flight.
You feel very buoyant.
You fly up into the air.
* * * LOW HITPOINT WARNING * * *
You feel sick. The scorpion stings you.
You die...

#.....# .#
#####.#.# .
#.......#
#.#...#<#
####.#.....#.#
#....#.......#
##.#...#.######
#..<...#...
#....s@###...
#..[#..# ....#
#......# ....
##.###.# .#. #+
#'# .. ... ...
...


You could see a scorpion.

Vanquished Creatures
  Grinder (D:3)
  An orc priest (D:3)
  Ijyb (D:4)
  6 adders
  A river rat (D:4)
  A white imp (D:4)
  A dart slug (D:1)
  11 orcs
  7 endoplasms
  2 giant cockroaches (D:2)
  7 goblins
  6 hobgoblins
  6 jackals
  5 quokkas
  9 ball pythons
  6 bats
  4 frilled lizards
  5 kobolds
  6 rats
86 creatures vanquished.

Notes
Turn   | Place    | Note
-------+----------+-------------------------------------------
     0 | D:1      | Graphine the Deep Elf Conjurer began the quest for the Orb.
     0 | D:1      | Reached XP level 1. HP: 10/10 MP: 6/6
   294 | D:1      | Reached XP level 2. HP: 16/16 MP: 6/8
   431 | D:1      | Found Pooddousk's Armour Shop.
  1018 | D:2      | Reached skill level 1 in Fighting
  1202 | D:2      | Reached XP level 3. HP: 20/20 MP: 6/10
  1206 | D:2      | Learned a level 3 spell: Dazzling Flash
  1724 | D:2      | Reached skill level 5 in Conjurations
  2184 | D:3      | Found a shadowy altar of Dithmenos.
  2207 | D:3      | Reached XP level 4. HP: 24/25 MP: 7/12
  2398 | D:3      | Noticed Grinder
  2428 | D:3      | Killed Grinder
  2429 | D:3      | Reached skill level 5 in Spellcasting
  2429 | D:3      | Reached XP level 5. HP: 16/31 MP: 10/14
  2429 | D:3      | Reached XP level 6. HP: 19/36 MP: 11/16
  2549 | D:3      | Gained mutation: You have a pair of small horns on your
                  | head. [potion of mutation]
  3012 | D:3      | Found a faded altar of an unknown god.
  3276 | D:3      | Reached skill level 6 in Conjurations
  3510 | D:4      | Found a radiant altar of Vehumet.
  3524 | D:4      | Became a worshipper of Vehumet
  3540 | D:4      | Noticed Ijyb
  3551 | D:4      | Killed Ijyb
  3741 | D:4      | Slain by a scorpion

Illustrated notes

Levels and vault maps discovered:
D:1:      minmay_arrival_solitary_statue, layout_loops_ring, serial_shops, shop
D:2:      layout_basic
D:3:      layout_basic, lemuel_crystal_altar,
          hellmonk_ecumenical_altar_crossroads, minmay_fractal_squares_5,
          uniq_grinder
D:4:      layout_basic, ashenzari_altar_1, mainiacjoe_overflow_alcove_1,
          vehumet_altar_wand_db, cheibrodos_sewer_entry_sluice,
          skrybe_limestone_x, uniq_ijyb, uniq_menkaure, uniq_sigmund

Skill      XL: |  1  2  3  4  5  6 |
---------------+-------------------+-----
Fighting       | 1 2 3 |  3.1
Spellcasting   | 4 5 |  5.9
Conjurations   | 5 6 |  6.1
Dodging        | |  2.4
Stealth        | |  2.4

Action                     |  1- 3 |  4- 6 || total
---------------------------+-------+-------++-------
   Cast: Magic Dart        |    82 |   111 ||   193
         Dazzling Flash    |       |     2 ||     2
  Evoke: Wand              |       |     5 ||     5
    Use: Scroll            |     5 |     1 ||     6
         Potion            |       |     4 ||     4
 Armour: Robe              |     1 |     3 ||     4
  Dodge: Dodged            |     4 |     9 ||    13
